 Dungeon Crawl Stone Soup version 0.18-a0-1639-g7533f42 (webtiles) character file.

366 dohliylev the Skirmisher (level 6, 0/44 HPs)
             Began as a Gargoyle Fighter on Mar 27, 2016.
             Slain by a scorpion (4 damage)
             ... on level 4 of the Dungeon.
             The game lasted 00:16:17 (2712 turns).

dohliylev the Skirmisher (Gargoyle Fighter)         Turns: 2712, Time: 00:16:18

Health: 0/44       AC: 15    Str: 21    XL:     6   Next: 68%
Magic:  6/6        EV:  9    Int:  9    God:
Gold:   60         SH:  9    Dex:  9    Spells: 0 memorised, 5 levels left

rFire  . . .     SeeInvis +     t - +1 falchion (freeze)
rCold  + . .     Gourm    .     y - +3 leather armour {rC+}
rNeg   + . .     Faith    .     c - +0 shield
rPois  ∞         Spirit   .     u - +0 helmet
rElec  +         Dismiss  .     r - +0 cloak
rCorr  .         Reflect  .     v - +0 pair of gloves
SustAt .         Harm     .     k - +0 pair of boots
MR     .....                    (no amulet)
Stlth  +.........               (no ring)
                                m - ring of see invisible

@: not resistant to hostile enchantments, very unstealthy
A: negative energy resistance 1, electricity resistance, unbreathing,
petrification resistance, rot immunity, AC +4
a: no special abilities


You were on level 4 of the Dungeon.
You were not hungry.

You visited 1 branch of the dungeon, and saw 4 of its levels.

You collected 60 gold pieces.

Inventory:

Hand Weapons
 t - a +1 falchion of freezing (weapon)
 w - a +2 dagger of venom
 z - a +1 dagger of draining
Armour
 c - a +0 shield (worn)
 k - a +0 pair of boots (worn)
 r - a +0 cloak (worn)
 u - a +0 helmet (worn)
 v - a +0 pair of gloves (worn)
 y - a +3 leather armour of cold resistance (worn)
Jewellery
 m - a ring of see invisible (left hand)
Scrolls
 a - a scroll of blinking {unknown}
 b - a scroll of remove curse {unknown}
 e - a scroll of immolation {unknown}
 h - 6 scrolls of identify {unknown}
 j - 2 scrolls of amnesia {unknown}
 n - a scroll of random uselessness {unknown}
 p - a scroll of teleportation {unknown}
Potions
 d - 2 potions of might
 l - a potion of agility {unknown}
 o - a potion of flight {unknown}
 x - 3 potions of lignification {unknown}
Comestibles
 f - 4 bread rations
 g - 4 chunks of flesh
 i - a beef jerky
 q - 2 meat rations


   Skills:
 + Level 7.4 Fighting
 + Level 1.4 Long Blades
   Level 1.7 Axes
 - Level 3.2 Armour
 - Level 1.0 Dodging
 - Level 3.3 Shields


You had 5 spell levels left.
You didn't know any spells.

Dungeon Overview and Level Annotations

Branches:
Dungeon (4/15)
 Temple: D:4-7

Altars:
Nemelex Xobeh
Ru
Trog


Innate Abilities, Weirdness & Mutations

You are resistant to torment.
Your stone body is resilient (AC +4).
You are immune to poison.
You resist negative energy.
You are resistant to electric shocks.
You can survive without breathing.
You are immune to petrification.
You are immune to rotting.


Message History

The scorpion is heavily wounded.
The phantom blinks!
The scorpion stings you but does no damage.
You closely miss the scorpion.
The scorpion is heavily wounded.
The scorpion barely misses you. The scorpion stings you.
You hit the scorpion but do no damage.
The scorpion is heavily wounded.
The phantom blinks!
The scorpion stings you.
* * * LOW HITPOINT WARNING * * *
You hit the scorpion but do no damage.
The scorpion is heavily wounded.
The phantom blinks!
The scorpion stings you.
* * * LOW HITPOINT WARNING * * *
You hit the scorpion but do no damage.
The scorpion is heavily wounded.
The scorpion stings you.
* * * LOW HITPOINT WARNING * * *
The scorpion stings you.
You die...

#..# #.# #.#
########## #.#
#.......<# #.#
##.##.##### #†#
###8.8#.# #.#
#..^....#
#.######.#8.8###
#†s@.....##.##
#####.####..#
#.# #.... #.#
#.#### #.# #.
... .. #.# #.#


You could see a scorpion.

Vanquished Creatures
  2 scorpions
  Crazy Yiuf (D:3)
  A giant frog skeleton (D:3)
  An orc wizard (D:3)
  Natasha (D:3)
  Robin (D:3)
  3 adders
  2 oozes (D:2)
  7 worms
  2 dart slugs (D:1)
  A giant gecko (D:1)
  2 orcs (D:3)
  2 ball pythons
  7 bats
  5 giant cockroaches
  15 goblins
  10 hobgoblins
  6 jackals
  A quokka (D:3)
  5 giant newts
  5 kobolds
  8 rats
88 creatures vanquished.

Notes
Turn   | Place    | Note
--------------------------------------------------------------
     0 | D:1      | dohliylev the Gargoyle Fighter began the quest for the Orb.
     0 | D:1      | Reached XP level 1. HP: 14/14 MP: 1/1
   104 | D:1      | Reached XP level 2. HP: 16/20 MP: 2/2
   219 | D:1      | Reached skill level 4 in Fighting
   331 | D:1      | Reached XP level 3. HP: 24/24 MP: 3/3
   550 | D:1      | Reached skill level 1 in Dodging
  1042 | D:2      | Found a sparkling altar of Nemelex Xobeh.
  1215 | D:2      | Reached XP level 4. HP: 28/30 MP: 4/4
  1247 | D:2      | Reached skill level 5 in Fighting
  1534 | D:3      | Noticed Robin
  1544 | D:3      | Killed Robin
  1590 | D:3      | Reached XP level 5. HP: 24/36 MP: 5/5
  1825 | D:3      | Reached skill level 6 in Fighting
  1970 | D:3      | Found a sacrificial altar of Ru.
  2241 | D:3      | Noticed a moth of wrath
  2244 | D:3      | Found a bloodstained altar of Trog.
  2335 | D:3      | Noticed Natasha
  2346 | D:3      | Killed Natasha
  2346 | D:3      | Reached XP level 6. HP: 34/42 MP: 6/6
  2392 | D:3      | Reached skill level 7 in Fighting
  2392 | D:3      | Reached skill level 1 in Long Blades
  2561 | D:3      | Noticed Crazy Yiuf
  2581 | D:3      | Killed Crazy Yiuf
  2661 | D:4      | Noticed a phantom
  2712 | D:4      | Slain by a scorpion

Vault maps used:
D:1:      evilmike_arrival_hilbert_curve
D:2:      marbit_many_paths
D:3:      tgw_trog, nicolae_ru_great_annihilating_truth, first_bread,
          uniq_crazy_yiuf_cottage, uniq_natasha, uniq_robin
D:4:      old_forge, fiery_altar_vehumet, kennysheep_decorative_pillar,
          small_statue_intersection, uniq_sigmund

Skill      XL: |  1  2  3  4  5  6 |
---------------+-------------------+-----
Fighting       | 4 5 6 7 |  7.4
Dodging        | 1 |  1.0
Long Blades    | 1 |  1.4
Axes           | |  1.7
Armour         | |  3.2
Shields        | |  3.3

Action                   |  1- 3 |  4- 6 || total
-------------------------+-------+-------++-------
Melee: War axe           |   141 |    94 ||   235
       Falchion          |       |   135 ||   135
 Stab: Paralysed         |       |     2 ||     2
  Eat: Chunk             |     1 |     6 ||     7
